 Dungeon Crawl Stone Soup version 0.32-a0-893-gf85d74f360 (webtiles) character file.

Game seed: 1598409414984277833

176 pokedragonboy the Shield-Bearer (level 5, -3/42 HPs)
             Began as a Formicid Fighter on Apr 3, 2024.
             Was a Follower of Zin.
             Succumbed to a kobold's poison
             ... in a sewer.
             The game lasted 00:05:07 (2510 turns).

pokedragonboy the Shield-Bearer (Formicid Fighter)  Turns: 2510, Time: 00:05:08

Health: -3/42      AC:  9    Str: 22    XL:     5   Next: 86%
Magic:  6/6        EV:  7    Int:  8    God:    Zin [*.....]
Gold:   124        SH:  5    Dex: 13    Spells: 4/4 levels left

rFire   . . .        a - +1 war axe
rCold   . . .        c - +0 buckler
rNeg    . . .        j - +0 chain mail
rPois   .            (helmet unavailable)
rElec   .            (no cloak)
rCorr   .            (no gloves)
SInv    +            (no boots)
Will    ++...        (no amulet) Stlth
                     p - ring of willpower
HPRegen 0.27/turn    (no ring)
MPRegen 0.10/turn

%: no passive effects
@: brilliant, lethally poisoned (-3 -> -23), enlightened, flying
A: permanent stasis, dig shafts and tunnels, antennae 3, four strong arms
a: Dig, Renounce Religion, Recite, Donate Gold


You were in a sewer.
You worshipped Zin.
Zin was aware of your devotion.
You visited 1 branch of the dungeon, and saw 3 of its levels.
You also visited: Sewer.

You collected 137 gold pieces.
You donated 13 gold pieces to Zin.

Inventory:

Hand Weapons
 a - a +1 war axe (weapon)
 e - a +0 dagger of flaming
Missiles
 n - 3 javelins
Armour
 c - a +0 buckler (worn)
 j - a +0 chain mail (worn)
Jewellery
 p - a ring of willpower (left hand)
Scrolls
 g - a scroll of identify
 h - a scroll of enchant weapon
 k - a scroll of immolation {unknown}
 m - a scroll of fog {unknown}
 q - a scroll of summoning {unknown}
Potions
 d - 2 potions of might
 l - 2 potions of magic
 o - a potion of degeneration {unknown}


   Skills:
 + Level 4.1 Fighting
 + Level 3.0 Axes
 + Level 4.1 Armour
 + Level 5.1 Shields
 + Level 2.5 Invocations


You had 4 spell levels left.
You didn't know any spells.
Your spell library contained the following spells:

 Spells                   Type           Power      Damage    Failure   Level
 Frozen Ramparts          Ice            0%         1d1       100%        3
 Ozocubu's Armour         Ice            0%         N/A       100%        3
 Metabolic Englaciation   Hex/Ice        0%         N/A       100%        5


Dungeon Overview and Level Annotations

Branches:
Dungeon (3/15)              Sewer (1/1)

Altars:
Trog
Zin


Innate Abilities, Weirdness & Mutations

You cannot be hasted, slowed, berserked, paralysed or teleported.
You can dig through walls and to a lower floor.
You have a pair of large antennae on your head. (SInv)
Your four strong arms can wield two-handed weapons with a shield.


Message History

The kobold hits you with a +2 short sword of venom.
You are more poisoned.
Okay, then.
Okay, then.
Activating: Recite (1% risk of failure)
Press: ? - help, Dir - look around, f - activate
Okay, then.
You slash the adder!
You kill the adder!
You closely miss the kobold.
You feel extremely sick. You block the kobold's attack.
Your Axes skill increases to level 3!
Unknown command.
You closely miss the kobold.
You feel very sick. The kobold barely misses you.
The kobold hits you but does no damage.
You are lethally poisoned!
You completely miss the kobold.
* * * LOW HITPOINT WARNING * * *
You feel very sick. The kobold barely misses you.
Okay, then.
It was a potion of haste.
Your stasis prevents you from being hasted.
* * * LOW HITPOINT WARNING * * *
You feel very sick. You block the kobold's attack.
Okay, then.
It was a potion of enlightenment.
You feel very buoyant.
You fly up into the air.
* * * LOW HITPOINT WARNING * * *
You feel very sick.
The kobold hits you with a +2 short sword of venom.
* * * LOW HITPOINT WARNING * * *
You are more poisoned.
It was a potion of brilliance.
You feel clever all of a sudden.
You die...

#~#PP~ ##~##
#~#.P###### ~~~..
#~#....≈≈≈##
##...##~#.∩.≈≈≈≈≈#
.~~..~#~#.∩.≈≈≈≈#
~~~...#~#...≈≈≈##
~..~.~P.~..≈≈≈##
##~.K.†..≈≈##
#..†@...###
#########


You could see a kobold.

Vanquished Creatures
  A hound (D:3)
  Natasha (D:3)
  3 adders
  2 river rats (D:3)
  A dart slug (D:3)
  4 ribbon worms (D:2)
  An orc (D:3)
  3 endoplasms
  4 giant cockroaches
  5 goblins
  6 hobgoblins
  6 jackals
  2 quokkas (D:1)
  6 ball pythons
  3 bats
  6 frilled lizards
  4 kobolds
  8 rats
66 creatures vanquished.

Notes
Turn   | Place    | Note
-------+----------+-------------------------------------------
     0 | D:1      | pokedragonboy the Formicid Fighter began the quest for the
                  | Orb.
     0 | D:1      | Reached XP level 1. HP: 18/18 MP: 1/1
   123 | D:1      | Reached XP level 2. HP: 15/24 MP: 2/2
   340 | D:1      | Reached skill level 1 in Invocations
   586 | D:1      | Reached XP level 3. HP: 29/29 MP: 3/3
   772 | D:1      | Found a faded altar of an unknown god.
  1519 | D:2      | Reached XP level 4. HP: 22/37 MP: 5/5
  2340 | D:3      | Reached XP level 5. HP: 41/42 MP: 6/6
  2355 | D:3      | Found a bloodstained altar of Trog.
  2355 | D:3      | Found a glowing silver altar of Zin.
  2361 | D:3      | Became a worshipper of Zin the Law-Giver
  2361 | D:3      | Reached * piety under Zin
  2415 | D:3      | Noticed Natasha
  2422 | D:3      | Killed Natasha
  2427 | D:3      | Reached skill level 5 in Shields
  2442 | D:3      | Found a glowing drain.
  2453 | Sewer    | Entered a sewer
  2509 | Sewer    | HP: 2/42 [kobold/+2 short sword of venom (3)]
  2510 | Sewer    | Succumbed to a kobold's poison

Illustrated notes

Levels and vault maps discovered:
D:1:      onia_arrival_mini_maze, layout_basic,
          shapermc_ecumenical_altar_acropolis, minivault_5
D:2:      layout_basic, serial_co_window_serial, co_window_paths_a,
          co_window_paths_b, co_window_corner_a, co_window_of_opportunity_a,
          co_window_of_opportunity_a, co_window_paths_a, co_window_paths_b,
          co_window_corner_cb, co_window_broadway_c, co_window_broadway_a,
          co_window_4corner_a, glass_columns_a, glass_columns_c,
          glass_columns_a, glass_columns_b, glass_columns_b
D:3:      layout_rooms, nicolae_overflow_two_pavilions, portal_sewer_entry_a,
          uniq_natasha
Sewer:    sewer_co_scattered_pipes

Skill      XL: |  1  2  3  4  5 |
---------------+----------------+-----
Invocations    | 1 2 |  2.5
Armour         | 4 |  4.1
Fighting       | 4 |  4.1
Shields        | 5 |  5.1
Axes           | 3 |  3.0

Action                     |  1- 3 |  4- 6 || total
---------------------------+-------+-------++-------
  Melee: War axe           |   106 |    80 ||   186
 Invoke: Recite            |       |     1 ||     1
    Use: Scroll            |       |     2 ||     2
         Potion            |       |     3 ||     3
 Armour: Scale mail        |    45 |       ||    45
         Chain mail        |    39 |    81 ||   120
  Dodge: Dodged            |    45 |    43 ||    88
  Block: Buckler           |    36 |    36 ||    72

Table legend: (Time is in decaauts)
 A = Elapsed time spent in this place.
 B = Non-inter-level travel time spent in this place.
 C = Inter-level travel time spent in this place.
 D = Time resting spent in this place.
 E = Time spent auto-exploring this place.
 F = Levels seen in this place.
 G = Mean time per level.
                   A        B        C        D        E       F      G
               +--------+--------+--------+--------+--------+-----+--------+
         Total |   2587 |   2524 |     63 |    200 |   1638 |   4 |  646.8 |
       Dungeon |   2527 |   2464 |     63 |    161 |   1638 |   3 |  842.3 |
         Sewer |     60 |     60 |      0 |     39 |      0 |   1 |   60.0 |
               +--------+--------+--------+--------+--------+-----+--------+

Top non-repeatable levels by time:
     D:2: 1223 daAuts
     D:1: 1031 daAuts
     D:3: 273 daAuts
   Sewer: 60 daAuts
